 Dungeon Crawl Stone Soup version 0.30-a0-913-g9934a0ce24 (webtiles) character file.

Game seed: 18381724400548102315

7318 jasper the Cleaver (level 10, -3/80 HPs)
             Began as a Demonspawn Wanderer on Mar 19, 2023.
             Was an Elder of Qazlal.
             Slain by a vampire (6 damage)
             ... on level 10 of the Dungeon.
             The game lasted 00:26:26 (9762 turns).

jasper the Cleaver (Demonspawn Wanderer)            Turns: 9762, Time: 00:26:27

Health: -3/80      AC: 17    Str: 19 (22) XL:     10   Next: 90%
Magic:  13/13      EV: 14    Int:  9 (11) God:    Qazlal [****..]
Gold:   315        SH: 10    Dex:  9 (10) Spells: 9/9 levels left

rFire   . . .      SeeInvis .    C - +3 war axe (elec)
rCold   . . .      Faith    .    B - +0 buckler
rNeg    . . .      Spirit   .    g - +1 scale mail
rPois   .          Reflect  .    A - +0 helmet
rElec   .          Rampage  .    D - +0 cloak
rCorr   .                        x - +0 pair of gloves
Will    .....                    J - +0 pair of boots Stlth
                                 (no amulet)
HPRegen 0.33/turn                (no ring)
MPRegen 0.13/turn                (no ring)

@: mighty, agile, repel missiles
A: yellow scales 2, foul stench 1, powered by pain 3, weakness stinger 1
a: Renounce Religion, Upheaval, Elemental Force


You were on level 10 of the Dungeon.
You worshipped Qazlal.
Qazlal was greatly pleased with you.
You visited 1 branch of the dungeon, and saw 10 of its levels.

You collected 469 gold pieces.
You spent 154 gold pieces at shops.

Inventory:

Hand Weapons
 c - a +0 hand axe
 s - a +5 hand axe
 t - a +3 morningstar
 C - a +3 war axe of electrocution (weapon)
 N - a +2 battleaxe
Missiles
 a - 4 silver boomerangs
 b - a curare-tipped dart
 j - 93 stones
 m - 15 poisoned darts
 v - 8 boomerangs (quivered)
 K - 2 atropa-tipped darts
 L - 3 throwing nets
Armour
 d - a +0 ring mail
 g - a +1 scale mail (worn)
 u - a +0 pair of gloves
 x - a +0 pair of gloves (worn)
 A - a +0 helmet (worn)
 B - a +0 buckler (worn)
 D - a +0 cloak (worn)
 F - a +0 cloak
 J - a +0 pair of boots (worn)
Wands
 h - a wand of iceblast (5)
 y - a wand of flame (19)
Scrolls
 f - 3 scrolls of teleportation
 k - 3 scrolls of immolation
 n - a scroll of enchant armour
 q - 4 scrolls of noise
 H - a scroll of vulnerability
 I - 2 scrolls of enchant weapon
 O - a scroll of amnesia
Potions
 e - 2 potions of attraction
 i - 4 potions of lignification
 l - 3 potions of resistance
 r - 3 potions of mutation
 z - a potion of brilliance
 E - a potion of magic
 M - a potion of flight
 Q - a potion of haste
Miscellaneous
 o - a phantom mirror (inert)


   Skills:
 + Level 8.0 Fighting
 + Level 10.3 Axes
 - Level 4.5 Throwing
 + Level 7.5 Armour
 - Level 4.0 Shields
 * Level 4.4 Invocations


You had 9 spell levels left.
You didn't know any spells.
Your spell library contained the following spells:

 Spells                   Type           Power      Damage    Failure   Level
 Magic Dart               Conj           0%         1d3       80%         1
 Call Imp                 Summ           0%         N/A       91%         2
 Cigotuvi's Dreadful Rot  Necr/Pois/Air  0%         N/A       91%         2
 Poisonous Vapours        Pois/Air       0%         N/A       91%         2
 Dazzling Flash           Conj/Hex       0%         N/A       99%         3
 Mephitic Cloud           Conj/Pois/Air  0%         N/A       99%         3
 Stone Arrow              Conj/Erth      0%         3d7       99%         3
 Animate Armour           Summ/Erth      0%         N/A       100%        4
 Iskenderun's Mystic Bla  Conj/Tloc      0%         2d3       100%        4
 Leda's Liquefaction      Hex/Erth       0%         N/A       100%        4
 Lee's Rapid Deconstruct  Erth           0%         3d4*      100%        5
 Summon Forest            Summ/Tloc      0%         N/A       100%        5
 Eringya's Noxious Bog    Tmut/Pois      0%         N/A       100%        6
 Starburst                Conj/Fire      0%         6d3       100%        6
 Statue Form              Tmut/Erth      0%         N/A       100%        6
 Summon Hydra             Summ           0%         N/A       100%        7
 Lehudib's Crystal Spear  Conj/Erth      0%         10d2      100%        8


Dungeon Overview and Level Annotations

Branches:
Dungeon (10/15)            Temple (0/1) D:6            Lair (0/5) D:9
    Orc: D:9-12

Altars:
Ashenzari
Cheibriados
Dithmenos
Fedhas
Gozag
Nemelex Xobeh
Qazlal
Ru
Trog
Uskayaw
Vehumet
Wu Jian
Xom
Yredelemnul

Shops:
D:4 *   D:6 [

Annotations:
D:8 Joseph, Maggie


Innate Abilities, Weirdness & Mutations

You are mostly covered in yellow scales. (AC +3)
You may rarely emit foul miasma when damaged in melee.
You are powered by pain.
You have a small tail.


Message History

You take 1 damage, and have 22/80 hp.
You closely miss the orc.
Your tail-slap misses the orc.
You completely miss something. You closely miss something.
Something hits you but does no damage. Something barely misses you.
Something hits you.
* * * LOW HITPOINT WARNING * * *
The orc hits you with a +0 dagger.
* * * LOW HITPOINT WARNING * * *
You take 4 damage, and have 18/80 hp.
You closely miss the orc. You closely miss something. You hit something.
Something hits you.
* * * LOW HITPOINT WARNING * * *
You block something's attack. Something barely misses you. The orc misses you.
You take 6 damage, and have 12/80 hp.
You closely miss something. x2; You closely miss the orc.
You block something's attack. x2; Something hits you but does no damage.
You block the orc's attack.
It was a potion of degeneration.
There was something very wrong with that liquid.
You feel weakened.
You feel dopey.
You feel clumsy.
Something barely misses you. x2; You block the orc's attack.
Something barely misses you.
You feel better. The orc hits you but does no damage.
Something hits you but does no damage. Something bites you but does no damage.
You hear some strange, mumbled words.
A puff of flame appears from out of thin air!
The puff of flame hits you.
* * * LOW HITPOINT WARNING * * *
You regained 5 hp, and now have 18/80 hp.
You feel very mighty all of a sudden. Something draws life force from you!
* * * LOW HITPOINT WARNING * * *
Qazlal accepts your kill.
Reactivating autopickup.
You feel a bit more experienced. You block the orc's attack.
You take 15 damage, and have 3/80 hp.
The orc hits you but does no damage. Something hits you but does no damage.
Deactivating autopickup; reactivate with Ctrl-A.
Something bites you.
You die...

...............#
...............#
...............#
..............##
...............#
......)))......#
.....§☼.)......#
#..$..)){...).##
##
####.##)@#...##
#. # ###o#####
####. #.....#
#######....
#.###.#
##.......### #.
#.###..####### #
#..##.## ##..#.#
#....#
.......##.#


You could see an orc.

Vanquished Creatures
  Erica (D:8)
  A two-headed ogre (D:10)
  An ugly thing (D:7)
  An unseen horror (D:10)
  Grinder (D:5)
  3 wyverns
  5 yaks
  2 steam dragons (D:7)
  An acid dragon (D:9)
  A water moccasin (D:7)
  5 sky beasts
  2 orc warriors
  A black bear (D:6)
  An ice beast (D:5)
  A centaur (D:9)
  A phantom (D:7)
  A kobold brigand (D:9)
  2 bullfrogs
  A wyvern zombie (D:8)
  5 scorpions
  2 gnoll sergeants
  3 wights (D:8)
  A vampire bat (D:4)
  A howler monkey (D:8)
  4 centaur zombies (D:8)
  2 hounds
  4 jellies
  Crazy Yiuf (D:7)
  8 orc priests
  A sleepcap (D:4)
  5 iguanas
  8 orc wizards
  3 killer bee zombies (D:8)
  A mummy (D:6)
  A howler monkey zombie (D:8)
  10 gnolls
  4 adders
  A white imp (D:8)
  An ufetubus (D:5)
  A worm (D:2)
  3 dart slugs
  46 orcs
  6 ball pythons
  16 bats
  3 endoplasms
  3 giant cockroaches
  9 hobgoblins
  2 frilled lizards (D:1)
  5 goblins
  11 kobolds
  A rat (D:1)
204 creatures vanquished.

Vanquished Creatures (collateral kills)
  Urug (D:10)
1 creature vanquished.

Vanquished Creatures (others)
  A gnoll (D:7)
  A kobold (D:8)
  2 withered plants (D:8)
4 creatures vanquished.

Grand Total: 209 creatures vanquished

Notes
Turn   | Place    | Note
-------+----------+-------------------------------------------
     0 | D:1      | jasper the Demonspawn Wanderer began the quest for the Orb.
     0 | D:1      | jasper set off with the following items: a +2 dagger, 3
                  | curare-tipped darts, a +0 hand axe, a +0 ring mail, a
                  | potion of attraction.
     0 | D:1      | Reached XP level 1. HP: 15/15 MP: 1/1
    18 | D:1      | Reached skill level 2 in Axes
   113 | D:1      | Gained mutation: You sometimes gain a little power by
                  | taking damage. [demonic ancestry]
   113 | D:1      | Reached XP level 2. HP: 21/21 MP: 2/2
   231 | D:1      | Found a stormy altar of Qazlal.
   242 | D:1      | Became a worshipper of Qazlal Stormbringer
   456 | D:1      | Reached XP level 3. HP: 26/26 MP: 3/3
   984 | D:2      | Reached skill level 3 in Axes
   988 | D:2      | Gained mutation: You are partially covered in yellow
                  | scales. (AC +2) [demonic ancestry]
   988 | D:2      | Reached XP level 4. HP: 25/33 MP: 4/4
  1180 | D:2      | Reached * piety under Qazlal
  1991 | D:3      | Found an ornate altar of the Wu Jian Council.
  2284 | D:3      | Reached XP level 5. HP: 38/39 MP: 5/5
  2553 | D:4      | Reached skill level 4 in Axes
  2705 | D:4      | Gained mutation: You have a small tail. [demonic ancestry]
  2705 | D:4      | Reached XP level 6. HP: 31/47 MP: 6/6
  3216 | D:4      | Reached ** piety under Qazlal
  3456 | D:4      | Found a blossoming altar of Fedhas.
  3509 | D:4      | Found Natruj's General Store.
  3519 | D:4      | Bought a +0 helmet for 49 gold pieces
  3539 | D:4      | Found a radiant altar of Vehumet.
  3689 | D:4      | Bought a wand of iceblast (4) for 105 gold pieces
  3701 | D:5      | Entered Level 5 of the Dungeon
  3959 | D:5      | Found a stormy altar of Qazlal.
  4064 | D:5      | Noticed Grinder
  4078 | D:5      | Killed Grinder
  4079 | D:5      | Reached skill level 5 in Axes
  4079 | D:5      | Gained mutation: You are mostly covered in yellow scales.
                  | (AC +3) [demonic ancestry]
  4079 | D:5      | Reached XP level 7. HP: 35/53 MP: 7/7
  4228 | D:5      | Found a sparkling altar of Nemelex Xobeh.
  5141 | D:6      | Reached skill level 6 in Axes
  5142 | D:6      | Gained mutation: You may rarely emit foul miasma when
                  | damaged in melee. [demonic ancestry]
  5142 | D:6      | Reached XP level 8. HP: 58/61 MP: 8/8
  5251 | D:6      | Found a basalt altar of Yredelemnul.
  5275 | D:6      | Found a snail-covered altar of Cheibriados.
  5513 | D:6      | Found a hide-covered altar of Uskayaw.
  5538 | D:6      | Reached skill level 5 in Fighting
  5582 | D:6      | Reached skill level 5 in Armour
  5593 | D:6      | Reached skill level 7 in Axes
  5775 | D:6      | Found a sacrificial altar of Ru.
  5775 | D:6      | Found a shimmering altar of Xom.
  5801 | D:6      | Found a staircase to the Ecumenical Temple.
  5996 | D:6      | Found Otarontu's Antique Armour Shoppe.
  6811 | D:7      | Gained mutation: You sometimes gain power by taking damage.
                  | [demonic ancestry]
  6811 | D:7      | Reached XP level 9. HP: 49/69 MP: 9/9
  6818 | D:7      | Reached skill level 8 in Axes
  6974 | D:7      | Found a runed translucent door.
  6975 | D:7      | Noticed Crazy Yiuf
  6979 | D:7      | Killed Crazy Yiuf
  7485 | D:8      | Noticed a purple ugly thing
  7493 | D:7      | Killed a purple ugly thing
  7574 | D:8      | Reached *** piety under Qazlal
  7585 | D:7      | Reached skill level 9 in Axes
  7814 | D:8      | Gained mutation: You are powered by pain. [demonic
                  | ancestry]
  7814 | D:8      | Reached XP level 10. HP: 72/79 MP: 10/10
  7906 | D:8      | Found a bloodstained altar of Trog.
  7911 | D:8      | Noticed Erica
  7922 | D:8      | Killed Erica
  7923 | D:8      | Reached skill level 10 in Axes
  8119 | D:8      | Noticed Joseph
  8120 | D:8      | Noticed Maggie
  8294 | D:9      | Reached skill level 1 in Shields
  8312 | D:9      | Found a broken altar of Ashenzari.
  8455 | D:9      | Reached **** piety under Qazlal
  8528 | D:9      | Found a shadowy altar of Dithmenos.
  8605 | D:9      | Found an opulent altar of Gozag.
  8810 | D:9      | Found a staircase to the Lair.
  9536 | D:10     | Entered Level 10 of the Dungeon
  9536 | D:10     | Noticed Urug
  9542 | D:10     | Killed Urug
  9664 | D:10     | Noticed a two-headed ogre
  9693 | D:10     | Killed a two-headed ogre
  9761 | D:10     | HP: 3/80 [something (16)]
  9762 | D:10     | Slain by a vampire

Illustrated notes

Levels and vault maps discovered:
D:1:      dpeg_arrival_stonehenge_8_columns, layout_rooms, st_stairs_11,
          minmay_hexomino_r4
D:2:      layout_basic
D:3:      layout_basic, mainiacjoe_overflow_tiny_flanked
D:4:      layout_rooms, mainiacjoe_overflow_alcove_1, fedhas_altar_fruit_tree,
          serial_shops, nicolae_lakefront_shop, roderic_batcave,
          dreamdust_mushroom_princess, minivault_5, grunt_decor_mini_mirrors,
          serial_park_tiny_pond, chequers_serial_rivers_micro_a
D:5:      layout_layer_cave, mainiacjoe_overflow_alcove_2, old_standard_altar,
          uniq_grinder
D:6:      layout_loops_corners, mainiacjoe_overflow_small_starburst,
          lemuel_doored_altar, nicolae_overflow_two_pavilions, slow_altar_1,
          minmay_temple_entry_wispy, serial_shops, shop,
          minmay_misc_feat_ornament, serial_park_tiny_1, minmay_between
D:7:      layout_basic, minivault_11, uniq_crazy_yiuf_cottage
D:8:      layout_rooms, trog_hazing_becter, serial_undead, serial_undead_d,
          serial_undead_b, serial_undead_b, serial_undead_e, serial_undead_e,
          nicolae_shop_i_like_big_books, uniq_erica, uniq_maggie, uniq_joseph
D:9:      layout_stronghold, nicolae_dithmenos_through_a_glass_darkly,
          nicolae_ashenzari_panopticon, nicolae_gozag_seed_capital,
          lair_entry_dummy, lemuel_flamethrower_1
D:10:     layout_rooms, gammafunk_temple_overflow_arena,
          minmay_orc_entry_guard_dogs, lightli_minifort, uniq_urug

Skill      XL: |  1  2  3  4  5  6  7  8  9 10 |
---------------+-------------------------------+-----
Axes           | 2 3 4 5 6 7 9 10 | 10.3
Armour         | 2 3 4 5 6 7 |  7.5
Fighting       | 2 3 4 5 7 8 |  8.0
Shields        | 4 |  4.0
Invocations    | 4 |  4.4
Throwing       | |  4.5

Action                     |  1- 3 |  4- 6 |  7- 9 | 10-12 || total
---------------------------+-------+-------+-------+-------++-------
  Melee: Dagger            |   117 |   164 |       |       ||   281
         Punch             |     1 |       |     1 |       ||     2
         Tailslap          |       |    13 |    21 |    17 ||    51
         War axe           |       |     6 |   192 |   113 ||   311
  Throw: Dart              |     2 |     1 |       |       ||     3
         Stone             |       |     6 |       |       ||     6
         Boomerang         |       |     5 |       |       ||     5
  Evoke: Wand              |       |     4 |     1 |     6 ||    11
         Phantom mirror    |       |       |       |     1 ||     1
    Use: Scroll            |     4 |     5 |    10 |     4 ||    23
         Potion            |       |       |     1 |     7 ||     8
 Armour: Scale mail        |    59 |   119 |   131 |    92 ||   401
         Ring mail         |     3 |       |       |       ||     3
  Dodge: Dodged            |    57 |   111 |   108 |    82 ||   358
         Repelled          |       |       |       |     1 ||     1
  Block: Other             |       |     6 |    14 |       ||    20
         Buckler           |       |       |    25 |    60 ||    85

Table legend: (Time is in decaauts)
 A = Elapsed time spent in this place.
 B = Non-inter-level travel time spent in this place.
 C = Inter-level travel time spent in this place.
 D = Time resting spent in this place.
 E = Time spent auto-exploring this place.
 F = Levels seen in this place.
 G = Mean time per level.
                   A        B        C        D        E       F      G
               +--------+--------+--------+--------+--------+-----+--------+
         Total |   9804 |   9142 |    662 |   1738 |   3938 |  10 |  980.4 |
       Dungeon |   9804 |   9142 |    662 |   1738 |   3938 |  10 |  980.4 |
               +--------+--------+--------+--------+--------+-----+--------+

Top non-repeatable levels by time:
     D:7: 1379 daAuts
     D:5: 1336 daAuts
     D:9: 1260 daAuts
     D:2: 1208 daAuts
     D:6: 1141 daAuts
     D:4: 1070 daAuts
     D:3: 817 daAuts
     D:1: 711 daAuts
     D:8: 652 daAuts
    D:10: 226 daAuts
